 Dungeon Crawl Stone Soup version 0.25-a0-607-geab1ddb (webtiles) character file.

Game seed: 17398603638443750954, levelgen mode: deterministic

125988 Faels the Carver (level 17, 0/131 HPs)
             Began as a Formicid Fighter on Mar 16, 2020.
             Was a High Priest of Okawaru.
             Slain by a moth of wrath (5 damage)
             ... on level 3 of the Spider Nest.
             The game lasted 01:48:56 (32579 turns).

Faels the Carver (Formicid Fighter)                Turns: 32579, Time: 01:48:57

Health: 0/131      AC: 22    Str: 28    XL:     17   Next: 52%
Magic:  21/21      EV: 19    Int: 10    God:    Okawaru [*****.]
Gold:   871        SH:  0    Dex: 12    Spells: 16/16 levels left

rFire    + . .     SeeInvis +   G - +3 lajatang (venom)
rCold    . . .     Gourm    .   k - +0 kite shield of the Lost Path {MR++ Dex+2}
rNeg     + + +     Faith    .   a - +5 ring mail {rPois}
rPois    +         Spirit   .   (helmet unavailable)
rElec    +         Reflect  +   P - +1 cloak of Devotion {rN++ Str+2}
rCorr    .         Harm     .   A - +4 pair of gloves of the Planets {Stlth+}
MR       ++++.                  z - +0 pair of boots
Stlth    ..........             O - +5 amulet of reflection
HPRegen  0.31/turn              s - ring "Voasaz" {rElec rN+ MR+ Stlth-}
MPRegen  0.17/turn              D - ring of protection from fire

@: confused
A: permanent stasis, dig shafts and tunnels, four strong arms, antennae 3,
repulsion field 1
a: Dig, Shaft Self, Heroism, Finesse, Renounce Religion


You were on level 3 of the Spider Nest.
You worshipped Okawaru.
Okawaru was extremely pleased with you.
You were very hungry.

You visited 6 branches of the dungeon, and saw 24 of its levels.
You also visited: Gauntlet.

You collected 2406 gold pieces.
You spent 1535 gold pieces at shops.

Inventory:

Hand Weapons
 d - a +5 demon trident of draining
 G - a +3 lajatang of venom (weapon)
 J - a +4 scimitar of flaming
 K - the +8 demon blade "Leech" {vamp, *Rage +Rage rN+}
   (You found it on level 6 of the Lair of Beasts)

   It inflicts no extra harm, but heals its wielder when it wounds a living foe.
   It protects you from negative energy.
   It lets you go berserk.
   It may make you go berserk in combat.
 L - the +10 dagger "Gacrivo" {freeze, rF+ Str+2}
   (You found it on level 6 of the Lair of Beasts)

   It has been specially enchanted to freeze those struck by it, causing extra
   injury to most foes and up to half again as much damage against particularly
   susceptible opponents.
   It can also slow down cold-blooded creatures.
   It affects your strength (+2).
   It protects you from fire.
 T - the +7 triple sword of Fury {holy, rPois}
   (You acquired it on level 1 of the Spider Nest)

   It has been blessed by the Shining One to cause great damage to the undead
   and demons.
   It protects you from poison.
Missiles
 n - 12 silver javelins
 o - 29 javelins
 u - 7 atropa-tipped darts
 y - 12 curare-tipped darts
 R - 30 poisoned darts (quivered)
Armour
 a - a +5 ring mail of poison resistance (worn)
 e - a scarf of cloud immunity
 k - the +0 kite shield of the Lost Path (worn) {MR++ Dex+2}
   (You acquired it on level 9 of the Dungeon)

   It affects your dexterity (+2).
   It affects your resistance to hostile enchantments.
 z - a +0 pair of boots (worn)
 A - the +4 pair of gloves of the Planets (worn) {Stlth+}
   (Okawaru gifted it to you on level 6 of the Lair of Beasts)

   It makes you more stealthy.
 P - the +1 cloak of Devotion (worn) {rN++ Str+2}
   (Okawaru gifted it to you on level 1 of the Spider Nest)

   It affects your strength (+2).
   It greatly protects you from negative energy.
Jewellery
 h - an uncursed amulet of the acrobat
 s - the ring "Voasaz" (left hand) {rElec rN+ MR+ Stlth-}
   (You found it in a Gauntlet)

   [ring of attention]

   It insulates you from electricity.
   It protects you from negative energy.
   It affects your resistance to hostile enchantments.
   It makes you less stealthy.
 x - an uncursed ring of ice
 D - a ring of protection from fire (right hand)
 O - a +5 amulet of reflection (around neck)
Wands
 g - a wand of flame (33)
 j - a wand of paralysis (6)
 H - a wand of digging (5)
 M - a wand of polymorph (25)
 S - a wand of acid (23)
 U - a wand of clouds (8)
 W - a wand of scattershot (5)
 X - a wand of iceblast (14)
 Y - a wand of disintegration (29)
Scrolls
 i - 8 scrolls of remove curse
 t - a scroll of magic mapping
 B - a scroll of silence
 E - 2 scrolls of fear
 N - a scroll of fog
 V - a scroll of identify
Potions
 b - a potion of stabbing
 l - 3 potions of lignification
 p - 4 potions of magic
 q - a potion of might
 v - 2 potions of flight
 F - 6 potions of curing
 I - 2 potions of invisibility
 Q - 2 potions of cancellation
Miscellaneous
 c - a box of beasts
 m - a fan of gales (inert)
 r - a lightning rod (4/4)
Comestibles
 f - 34 rations


   Skills:
 + Level 11.5 Fighting
 + Level 14.4 Long Blades
 - Level 14.0 Staves
 + Level 5.1 Throwing
 - Level 11.5 Armour
 + Level 11.4 Dodging
 - Level 12.0 Shields
 - Level 5.4 Invocations
 - Level 2.3 Evocations


You had 16 spell levels left.
You didn't know any spells.
Your spell library contained the following spells:

 Spells                   Type           Power        Failure   Level  Hunger
 Corona                   Hex            #......      45%         1    ##.....
 Foxfire                  Conj/Fire      #...         45%         1    ##.....
 Sandblast                Erth           #.....       45%         1    ##.....
 Sting                    Tmut/Pois      #...         45%         1    ##.....
 Passwall                 Tmut/Erth      #.......     58%         2    ###....
 Poisonous Vapours        Pois/Air       #.....       58%         2    ###....
 Slow                     Hex            #.......     58%         2    ###....
 Confusing Touch          Hex            #.......     83%         3    ####...
 Gell's Gravitas          Tloc           #.........   83%         3    ####...
 Ignite Poison            Fire/Tmut/Pois #.......     83%         3    ####...
 Inner Flame              Hex/Fire       #.......     83%         3    ####...
 Mephitic Cloud           Conj/Pois/Air  #.......     83%         3    ####...
 Portal Projectile        Hex/Tloc       #.....       83%         3    ####...
 Recall                   Summ/Tloc      N/A          83%         3    ####...
 Stone Arrow              Conj/Erth      #.....       83%         3    ####...
 Teleport Other           Tloc           #.......     83%         3    ####...
 Cause Fear               Hex            #.........   99%         4    #####..
 Leda's Liquefaction      Hex/Erth       #.........   99%         4    #####..
 Olgreb's Toxic Radiance  Pois           #.......     99%         4    #####..
 Petrify                  Tmut/Erth      #.......     99%         4    #####..
 Summon Lightning Spire   Summ/Air       #.......     99%         4    #####..
 Agony                    Necr           #.......     100%        5    ######.
 Irradiate                Conj/Tmut      #.........   100%        5    ######.
 Lee's Rapid Deconstruct  Erth           #.........   100%        5    ######.
 Metabolic Englaciation   Hex/Ice        #.........   100%        5    ######.
 Silence                  Hex/Air        #.........   100%        5    ######.
 Yara's Violent Unravell  Hex/Tmut       #.........   100%        5    ######.
 Conjure Ball Lightning   Conj/Air       #.........   100%        6    #######
 Deflect Missiles         Chrm/Air       #.........   100%        6    #######
 Hydra Form               Tmut           #.........   100%        6    #######
 Simulacrum               Ice/Necr       #.........   100%        6    #######
 Statue Form              Tmut/Erth      #........    100%        6    #######
 Dragon Form              Tmut           #.........   100%        7    #######
 Dragon's Call            Summ           #.........   100%        9    #######
 Tornado                  Air            #.........   100%        9    #######


Dungeon Overview and Level Annotations

Branches:
Dungeon (10/15)            Temple (1/1) D:6            Lair (6/6) D:10
 Shoals (2/4) Lair:4       Spider (3/4) Lair:4        Slime (0/5) Lair:6
    Orc (2/2) D:9             Elf (0/3) Orc:2       Gauntlet (visited)

Altars:
Ashenzari
Cheibriados
Dithmenos
Elyvilon
Fedhas
Gozag
Hepliaklqana
Kikubaaqudgha
Makhleb
Nemelex Xobeh
Okawaru
Qazlal
Ru
Sif Muna
Trog
Uskayaw
Vehumet
Wu Jian
Xom
Yredelemnul
Zin
The Shining One
Beogh
Jiyva

Shops:
Orc:2 ?[(=


Innate Abilities, Weirdness & Mutations

You cannot be hasted, slowed, berserked, paralysed or teleported.
You can dig through walls and to a lower floor.
Your four strong arms can wield two-handed weapons with a shield.
You have a pair of large antennae on your head. (SInv)
You are surrounded by a mild repulsion field. (EV +2)


Message History

The demonic crawler hits you.
* * * LOW HITPOINT WARNING * * *
The demonic crawler hits you but does no damage.
The demonic crawler misses you.
You bump into the rock wall.
The demonic crawler hits you but does no damage. x2
The demonic crawler misses you.
You slice the demonic crawler!!
You kill the demonic crawler!
Okawaru accepts your kill. The moth of wrath bites you!
* * * LOW HITPOINT WARNING * * *
The moth of wrath bites you!!
* * * LOW HITPOINT WARNING * * *
You miss the moth of wrath.
The moth of wrath is heavily wounded.
You are more confused.
You feel invigorated. The moth of wrath barely misses you.
The moth of wrath bites you.
You die...

... ).. ..##
.#... ... ...^#
##..## ...# #
#....###...#.#
#.....#^.^....
###..y.........
##.###.@....#
#..#......###
#..#...####
#..#^...#
#.<#..###
#......#
##.....# {
#...### #..##


You could see a moth of wrath.

Vanquished Creatures
  Asterion (Spider:1)
  Kirke (Spider:2)
  The ghost of LitLit the Protected, a journeyman FoFi of Okawaru (D:9)
  An emperor scorpion (Spider:2)
  An entropy weaver (Spider:1)
  Azrael (Spider:1)
  2 minotaurs
  2 spark wasps
  An ettin (Orc:2)
  Snorg (Lair:4)
  5 merfolk impalers
  A merfolk javelineer (Shoals:1)
  5 hydras
  A catoblepas (Lair:6)
  Fannar (D:10)
  Josephine (Lair:5)
  2 ogre magi (Orc:2)
  A centaur warrior (D:9)
  5 merfolk avatars
  Erica (D:10)
  2 alligator snapping turtles (Shoals:1)
  8 two-headed ogres
  A merfolk aquamancer (Shoals:1)
  2 orc high priests
  3 tengu warriors
  A death yak (Lair:6)
  7 sea snakes
  2 deep trolls (Orc:2)
  An obsidian statue (Gauntlet)
  9 harpies
  4 orc knights
  A necromancer (Gauntlet)
  A deep elf archer (Orc:1)
  7 orb spiders
  16 wolf spiders
  4 orc sorcerers
  4 manticores
  4 merfolk sirens
  2 moths of wrath
  2 cyclopes (Orc:2)
  Joseph (D:7)
  4 water nymphs
  8 black mambas
  3 elephants (Lair:6)
  4 torpor snails
  10 spiny frogs
  7 demonic crawlers
  7 komodo dragons
  2 rime drakes (Lair:6)
  A tengu conjurer (D:10)
  11 merfolk
  10 trolls
  12 polar bears
  20 blink frogs
  10 jumping spiders
  4 wind drakes
  5 hornets
  Prince Ribbit (D:8)
  11 hippogriffs
  7 snapping turtles
  37 redbacks
  4 flying skulls (Gauntlet)
  18 tarantellas
  4 wyverns
  28 yaks
  5 basilisks
  A fire elemental (Spider:1)
  4 wraiths (Lair:5)
  Grum (D:10)
  4 hogs (Spider:2)
  Menkaure (D:7)
  6 wargs
  11 water moccasins
  3 hell hounds (Spider:1)
  2 ice beasts
  5 porcupines
  A sky beast (D:10)
  17 orc warriors
  3 black bears
  24 ogres
  A phantom (D:8)
  21 wolves
  2 centaurs
  A big kobold (D:8)
  13 crocodiles
  7 bullfrogs
  6 scorpions
  6 killer bees
  3 wights
  A howler monkey (D:6)
  3 electric eels
  6 crimson imps
  3 hounds
  4 jellies
  2 centaur skeletons
  14 orc priests
  Crazy Yiuf (D:7)
  Ijyb (D:3)
  17 orc wizards
  4 worker ants
  A howler monkey zombie (D:6)
  4 gnolls (D:6)
  16 adders
  5 shadow imps
  2 oozes
  An adder zombie (D:6)
  7 worms
  A dart slug (D:1)
  4 leopard geckos
  59 orcs
  A ball python (D:1)
  13 bats
  5 giant cockroaches
  10 goblins
  9 hobgoblins
  9 jackals
  2 quokkas
  5 frilled lizards
  10 kobolds
  A leopard gecko zombie (D:6)
  7 rats
  A fungus (Lair:6)
  2 tentacles (Shoals:1)
724 creatures vanquished.

Vanquished Creatures (collateral kills)
  2 hogs (Spider:2)
2 creatures vanquished.

Vanquished Creatures (others)
  A harpy (Shoals:1)
  An orb spider (Spider:2)
  A redback (Spider:1)
  An orc warrior (Orc:1)
  3 orcs (Orc:2)
  A bush (Lair:2)
  4 fungi
  3 plants
  5 tentacles (Shoals:1)
20 creatures vanquished.

Grand Total: 746 creatures vanquished

Notes
Turn   | Place    | Note
-------+----------+-------------------------------------------
     0 | D:1      | Faels the Formicid Fighter began the quest for the Orb.
     0 | D:1      | Reached XP level 1. HP: 18/18 MP: 1/1
   128 | D:1      | Reached XP level 2. HP: 21/24 MP: 2/2
   311 | D:1      | Reached skill level 1 in Dodging
   334 | D:1      | Reached XP level 3. HP: 25/29 MP: 3/3
   828 | D:2      | Reached XP level 4. HP: 35/35 MP: 4/4
   832 | D:2      | Found an ornate altar of the Wu Jian Council.
   832 | D:2      | Found an ancient bone altar of Kikubaaqudgha.
   838 | D:2      | Found a hazy altar of Hepliaklqana.
   840 | D:2      | Found a bloodstained altar of Trog.
   842 | D:2      | Found a sacrificial altar of Ru.
  1199 | D:2      | Reached XP level 5. HP: 39/41 MP: 5/5
  1926 | D:3      | Reached skill level 5 in Staves
  1958 | D:3      | Reached XP level 6. HP: 44/47 MP: 6/6
  2162 | D:3      | Reached skill level 1 in Throwing
  2413 | D:3      | Noticed Ijyb
  2621 | D:3      | Killed Ijyb
  3647 | D:4      | Reached XP level 7. HP: 24/52 MP: 7/7
  4020 | D:5      | Entered Level 5 of the Dungeon
  4215 | D:5      | Found a shimmering altar of Xom.
  4759 | D:6      | Noticed a water moccasin
  4766 | D:6      | Killed a water moccasin
  4899 | D:6      | Reached XP level 8. HP: 35/58 MP: 8/8
  5567 | D:6      | Found a staircase to the Ecumenical Temple.
  5583 | D:5      | Reached skill level 5 in Armour
  5816 | Temple   | Entered the Ecumenical Temple
  5911 | Temple   | Became a worshipper of Warmaster Okawaru
  6360 | D:7      | Noticed a hippogriff
  6373 | D:7      | Killed a hippogriff
  6373 | D:7      | Reached XP level 9. HP: 50/64 MP: 9/9
  6499 | D:7      | Found a runed translucent door.
  6500 | D:7      | Noticed Crazy Yiuf
  6505 | D:7      | Killed Crazy Yiuf
  6604 | D:7      | Noticed Menkaure
  6615 | D:7      | Killed Menkaure
  6615 | D:7      | Reached skill level 10 in Staves
  7224 | D:7      | Noticed Joseph
  7253 | D:7      | Killed Joseph
  7253 | D:7      | Reached * piety under Okawaru
  7839 | D:8      | Reached ** piety under Okawaru
  8052 | D:8      | Found a shattered altar of Ashenzari.
  8098 | D:8      | Noticed a hippogriff
  8115 | D:8      | Killed a hippogriff
  8115 | D:8      | Reached XP level 10. HP: 39/70 MP: 7/10
  8326 | D:8      | Found a blossoming altar of Fedhas.
  8326 | D:8      | Found a shadowy altar of Dithmenos.
  8412 | D:8      | Noticed Prince Ribbit
  8424 | D:8      | Killed Prince Ribbit
  9176 | D:9      | Found a blossoming altar of Fedhas.
  9207 | D:9      | Noticed a two-headed ogre
  9223 | D:9      | Killed a two-headed ogre
  9223 | D:9      | Reached *** piety under Okawaru
  9234 | D:9      | Noticed a fire dragon
  9307 | D:9      | Noticed a catoblepas
  9375 | D:9      | Received a gift from Okawaru
  9780 | D:9      | Identified a scroll of acquirement
  9780 | D:9      | Identified the +0 kite shield of the Lost Path {MR++ Dex+2}
                  | (You acquired it on level 9 of the Dungeon)
  9841 | D:9      | Found a shimmering altar of Xom.
  9953 | D:9      | Found a staircase to the Orcish Mines.
 10185 | D:9      | Found a roughly hewn altar of Beogh.
 10208 | D:9      | Reached skill level 1 in Invocations
 10208 | D:9      | Reached XP level 11. HP: 75/75 MP: 11/11
 10535 | D:10     | Entered Level 10 of the Dungeon
 10541 | D:10     | Noticed a tengu warrior
 10811 | D:10     | Noticed Grum
 10827 | D:10     | Killed Grum
 10827 | D:10     | Reached skill level 5 in Shields
 10859 | D:10     | Reached **** piety under Okawaru
 11025 | D:10     | Killed a tengu warrior
 11196 | D:10     | Reached skill level 5 in Fighting
 11365 | D:10     | Reached ***** piety under Okawaru
 11389 | D:10     | Noticed Erica
 11401 | D:10     | Killed Erica
 11579 | D:10     | Found a staircase to the Lair.
 11717 | D:10     | Noticed Fannar
 11756 | D:10     | Killed Fannar
 11756 | D:10     | Reached skill level 5 in Invocations
 11991 | Lair:1   | Entered Level 1 of the Lair of Beasts
 12434 | Lair:1   | Reached skill level 1 in Evocations
 12434 | Lair:1   | Reached XP level 12. HP: 62/88 MP: 16/16
 12471 | Lair:1   | Noticed an eight-headed hydra
 12505 | Lair:1   | Killed an eight-headed hydra
 13047 | Lair:2   | Identified the Grimoire of Unholy Translocation
 14017 | Lair:3   | Found a gate leading to a gauntlet.
 14094 | Gauntlet | Entered a Gauntlet
 14094 | Gauntlet | Found a transporter.
 14101 | Gauntlet | Found a transporter.
 14103 | Gauntlet | Found a transporter.
 14108 | Gauntlet | Found a runed translucent door.
 14109 | Gauntlet | Found a runed translucent door.
 14112 | Gauntlet | Found a transporter.
 14114 | Gauntlet | Found a transporter.
 14116 | Gauntlet | Noticed a sixfirhy
 14122 | Gauntlet | Found a transporter.
 14131 | Gauntlet | Noticed a sixfirhy
 14139 | Gauntlet | Found a transporter.
 14148 | Gauntlet | Found a transporter.
 14158 | Gauntlet | Found a transporter.
 14159 | Gauntlet | Noticed a death yak
 14160 | Gauntlet | Noticed a death yak
 14160 | Gauntlet | Noticed a death yak
 14160 | Gauntlet | Noticed a death yak
 14165 | Gauntlet | Noticed a death yak
 14165 | Gauntlet | Noticed a death yak
 14184 | Gauntlet | Found a transporter.
 14187 | Gauntlet | Found a transporter.
 14187 | Gauntlet | Noticed a wizard
 14194 | Gauntlet | Found a transporter.
 14200 | Gauntlet | Found a transporter.
 14266 | Gauntlet | Found a transporter.
 14487 | Gauntlet | Received a gift from Okawaru
 14558 | Gauntlet | Noticed a sun demon
 14615 | Gauntlet | Got a fine brass ring
 14621 | Gauntlet | Identified the ring "Voasaz" {rElec rN+ MR+ Stlth-} (You
                  | found it in a Gauntlet)
 14665 | Gauntlet | Noticed a minotaur
 14690 | Gauntlet | Killed a minotaur
 15369 | Lair:3   | Noticed a four-headed hydra
 15379 | Lair:3   | Killed a four-headed hydra
 15379 | Lair:3   | Reached XP level 13. HP: 98/98 MP: 17/17
 15458 | Lair:3   | Reached skill level 5 in Dodging
 16343 | Lair:4   | Found a hole to the Spider Nest.
 16483 | Lair:4   | Noticed Snorg
 16493 | Lair:4   | Killed Snorg
 16570 | Lair:4   | Noticed an eight-headed hydra
 16581 | Lair:4   | Killed a four-headed hydra
 16581 | Lair:4   | Reached skill level 10 in Shields
 16719 | Lair:4   | Found a staircase to the Shoals.
 17026 | Lair:4   | Reached skill level 10 in Armour
 17051 | Lair:4   | Received a gift from Okawaru
 17188 | Lair:4   | Found a blossoming altar of Fedhas.
 17509 | Lair:5   | Noticed an eight-headed hydra
 17549 | Lair:4   | Killed a two-headed hydra
 17790 | Lair:4   | Gained mutation: Your magical capacity is low. (-10% MP)
                  | [potion of mutation]
 17790 | Lair:4   | Gained mutation: You are surrounded by a mild repulsion
                  | field. (EV +2) [potion of mutation]
 17790 | Lair:4   | Lost mutation: Your magical capacity is low. (-10% MP)
                  | [potion of mutation]
 19017 | Lair:5   | Noticed Josephine
 19029 | Lair:5   | Killed Josephine
 19029 | Lair:5   | Reached XP level 14. HP: 92/109 MP: 10/18
 19417 | Lair:6   | Entered Level 6 of the Lair of Beasts
 19737 | Lair:6   | Received a gift from Okawaru
 19737 | Lair:6   | Reached skill level 10 in Fighting
 20150 | Lair:6   | Received a gift from Okawaru
 20180 | Lair:6   | Got a pair of ichor-stained gloves {god gift}
 20191 | Lair:6   | Identified the +4 pair of gloves of the Planets {Stlth+}
                  | (Okawaru gifted it to you on level 6 of the Lair of Beasts)
 20652 | Lair:6   | Found the +8 demon blade "Leech" {vamp, *Rage +Rage rN+}
 20944 | Lair:6   | Reached skill level 1 in Long Blades
 21135 | Lair:6   | Got an encrusted dagger
 21152 | Lair:6   | Reached ****** piety under Okawaru
 21326 | Lair:6   | Found a viscous altar of Jiyva.
 21326 | Lair:6   | Found a staircase to the Slime Pits.
 21575 | Lair:4   | Identified the +10 dagger "Gacrivo" {freeze, rF+ Str+2}
                  | (You found it on level 6 of the Lair of Beasts)
 21648 | Orc:1    | Entered Level 1 of the Orcish Mines
 21683 | Orc:1    | Found a roughly hewn altar of Beogh.
 21926 | Orc:1    | Found a runed translucent gate.
 21927 | Orc:1    | Found a runed translucent gate.
 21928 | Orc:1    | Found a runed translucent gate.
 21928 | Orc:1    | Noticed a minotaur
 21928 | Orc:1    | Noticed LitLit's ghost (journeyman FoFi)
 21939 | Orc:1    | Found an iron altar of Okawaru.
 21992 | Orc:2    | Entered Level 2 of the Orcish Mines
 22221 | Orc:2    | Reached XP level 15. HP: 117/117 MP: 19/19
 22280 | Orc:2    | Found a staircase to the Elven Halls.
 22288 | Orc:2    | Found Durympom's Antique Armour Emporium.
 22294 | Orc:2    | Found Plog's Jewellery Shop.
 22324 | Orc:2    | Reached skill level 10 in Dodging
 22333 | Orc:2    | Reached skill level 5 in Long Blades
 22749 | Orc:2    | Received a gift from Okawaru
 23255 | Orc:2    | Bought a smoking chain mail for 247 gold pieces
 23262 | Orc:2    | Found Beenam's Magic Scroll Shoppe.
 23272 | Orc:2    | Found Acesumiwk's Weapon Shoppe.
 23352 | Orc:2    | Bought a scroll of acquirement for 832 gold pieces
 23397 | Orc:2    | Bought a scroll of enchant weapon for 120 gold pieces
 24016 | Orc:2    | Bought a scroll of enchant armour for 120 gold pieces
 24016 | Orc:2    | Bought a scroll of blinking for 120 gold pieces
 24016 | Orc:2    | Bought a scroll of remove curse for 48 gold pieces
 24016 | Orc:2    | Bought a scroll of remove curse for 48 gold pieces
 24027 | Orc:2    | Identified the cursed +0 chain mail "Jaijus" {rC- MR++
                  | Str+4} (You bought it in a shop on level 2 of the Orcish
                  | Mines)
 24209 | Orc:1    | Found a roughly hewn altar of Beogh.
 24776 | D:9      | Killed LitLit's ghost
 24947 | D:9      | Received a gift from Okawaru
 25331 | Orc:1    | Reached skill level 10 in Long Blades
 25728 | Shoals:1 | Entered Level 1 of the Shoals
 26003 | Shoals:1 | Reached XP level 16. HP: 69/123 MP: 13/20
 26824 | Shoals:1 | Received a gift from Okawaru
 27853 | Shoals:1 | Noticed a kraken
 29438 | Spider:1 | Entered Level 1 of the Spider Nest
 29533 | Spider:1 | Received a gift from Okawaru
 29636 | Spider:1 | Noticed Asterion
 29647 | Spider:1 | Killed Asterion
 30429 | Spider:1 | Noticed Azrael
 30461 | Spider:1 | Killed Azrael
 30461 | Spider:1 | Received a gift from Okawaru
 30689 | Spider:1 | Reached XP level 17. HP: 129/129 MP: 21/21
 30732 | Spider:1 | Received a gift from Okawaru
 30743 | Spider:1 | Got a spiked cloak {god gift}
 30867 | Spider:1 | Identified the +1 cloak of Devotion {rN++ Str+2} (Okawaru
                  | gifted it to you on level 1 of the Spider Nest)
 30879 | Spider:1 | Identified the +7 triple sword of Fury {holy, rPois} (You
                  | acquired it on level 1 of the Spider Nest)
 31672 | Spider:2 | Noticed Kirke
 31701 | Spider:2 | Killed Kirke
 32261 | Spider:2 | Reached skill level 5 in Throwing
 32577 | Spider:3 | HP: 2/131 [moth of wrath (19)]
 32579 | Spider:3 | Slain by a moth of wrath

Levels and vault maps discovered:
D:1:      dpeg_arrival_subterranean_lakeside_camping, layout_basic
D:2:      layout_basic, chequers_temple_overflow_minitemple
D:3:      layout_basic, grunt_ministairs_2, st_stairs_3,
          minmay_misc_feat_rugged, uniq_ijyb
D:4:      layout_basic
D:5:      layout_loops_ring, first_ration, st_stairs_12, xom_teletrap_fun
D:6:      layout_loops_ring, minmay_temple_entry_mini_moons
D:7:      layout_basic, uniq_joseph, uniq_menkaure, uniq_crazy_yiuf_cottage
D:8:      layout_rooms, gammafunk_temple_overflow_elements, basic_altar,
          uniq_prince_ribbit1
D:9:      layout_loops_ring, minmay_orc_entry_temple_small, hangedman_fish_farm,
          hangedman_feature_mirror, serial_park_tiny_2,
          onia_ninara_dug_in_and_dangerous
D:10:     layout_cave_pools, erik_lair_orcish_takeover, uniq_erica, uniq_fannar,
          uniq_grum
Temple:   regret_index_temple_waves
Lair:1:   layout_chaotic_city, minivault_26, small_statue_intersection,
          serial_bayou_shore_b, serial_bayou_shore_b, grunt_megastairs_3
Lair:2:   layout_gridlike
Lair:3:   layout_gridlike, gauntlet_entry_generic, cheibrodos_lair_lostbears
Lair:4:   layout_gridlike, elwin_shoals_entry_stream, spider_nest_entry_a,
          basic_altar, grunt_megastairs_2, infiniplex_staircase_pool, uniq_snorg
Lair:5:   layout_loops_ring, uniq_josephine
Lair:6:   gammafunk_lair_ancient_temple, layout_gridlike,
          dpeg_slime_entry_enclosed_altar, serial_bayou_pond_b
Shoals:1: cheibrodos_shoals_epimethial_gifts, layout_shoals
Shoals:2: layout_shoals
Spider:1: layout_spider_delve, uniq_asterion, uniq_azrael
Spider:2: layout_spider_delve, nicolae_spider_webbed_stairs,
          nicolae_spider_cling_halls, uniq_kirke
Spider:3: layout_spider_delve
Orc:1:    layout_caves, gammafunk_ghost_fury_of_okawaru, basic_altar,
          kennysheep_orc_chapel
Orc:2:    st_orc_open, layout_caves, guppyfry_orc_lava_fort

Skill      XL: |  1  2  3  4  5  6  7  8  9 10 11 12 13 14 15 16 17 |
---------------+----------------------------------------------------+-----
Dodging        | 1 2 4 7 9 10 11 | 11.4
Staves         | 3 4 5 6 7 9 11 14 | 14.0
Throwing       | 1 2 3 5 |  5.1
Shields        | 4 7 9 10 11 12 | 12.0
Armour         | 4 5 7 9 10 11 | 11.5
Invocations    | 1 5 |  5.4
Fighting       | 6 8 9 10 11 | 11.5
Evocations     | 1 2 |  2.3
Long Blades    | 4 10 14 | 14.4

Action                   |  1- 3 |  4- 6 |  7- 9 | 10-12 | 13-15 | 16-18 || total
-------------------------+-------+-------+-------+-------+-------+-------++-------
Melee: Quarterstaff      |    96 |   274 |   293 |   688 |  1093 |       ||  2444
       Whip              |       |       |     2 |       |       |       ||     2
       Scimitar          |       |       |       |       |    20 |       ||    20
       Lajatang          |       |       |       |       |   178 |   399 ||   577
       Demon blade       |       |       |       |       |    57 |   369 ||   426
Throw: Javelin           |       |       |     8 |     2 |       |     2 ||    12
       Dart              |       |       |       |    31 |   160 |    21 ||   212
Invok: Heroism           |       |       |     2 |    13 |    22 |    12 ||    49
       Finesse           |       |       |       |     7 |    12 |     8 ||    27
 Abil: Dig               |       |       |       |     1 |       |       ||     1
Evoke: Lightning rod     |       |       |       |       |     7 |     2 ||     9
       Box of beasts     |       |       |       |       |     1 |       ||     1
       Wand              |       |       |       |       |       |     3 ||     3
       Fan of gales      |       |       |       |       |       |     1 ||     1
  Use: Scroll            |       |     3 |     6 |    19 |     9 |     7 ||    44
       Potion            |       |     1 |     1 |     2 |     1 |     8 ||    13
 Stab: Distracted        |       |       |       |       |     1 |       ||     1
       Held in net/web   |       |       |       |       |       |     1 ||     1
       Confused          |       |       |       |       |       |     3 ||     3
  Eat: Chunk             |       |     9 |    14 |    13 |    31 |    14 ||    81
       Ration            |       |       |       |     3 |     1 |     2 ||     6
Armor: Scale mail        |    38 |    72 |    67 |    88 |       |       ||   265
       Skin              |       |       |     8 |       |       |       ||     8
       Ring mail         |       |       |       |     9 |   215 |   206 ||   430
Dodge: Dodged            |    30 |    98 |   113 |   231 |   473 |   466 ||  1411
Block: Kite shield       |    49 |   100 |   111 |   302 |   954 |   724 ||  2240
       Reflection        |       |       |       |       |    22 |    15 ||    37
       Rpst.: Scimitar   |       |       |       |       |     2 |       ||     2
       Demon blade       |       |       |       |       |     8 |    30 ||    38

Table legend:
 A = Non-vault XP
 B = Vault XP
 C = Vault XP percentage of total XP
 D = Non-vault monster count
 E = Vault monster count
 F = Vault count percentage of total count
                 A         B        C        D         E       F
            +---------+---------+-------+---------+---------+-------
      Total |  108496 |   71487 |  39.7 |     545 |     185 |  25.3
            +---------+---------+-------+---------+---------+-------
        D:1 |      53 |       9 |  14.5 |      30 |       6 |  16.7
        D:2 |     108 |       0 |   0.0 |      26 |       0 |   0.0
        D:3 |     229 |      68 |  22.9 |      35 |       9 |  20.5
        D:4 |     120 |       0 |   0.0 |       5 |       0 |   0.0
        D:5 |     371 |       0 |   0.0 |      12 |       0 |   0.0
        D:6 |     902 |       0 |   0.0 |      26 |       0 |   0.0
        D:7 |     579 |     672 |  53.7 |       6 |       3 |  33.3
        D:8 |    1838 |     259 |  12.4 |      28 |       1 |   3.4
        D:9 |    2509 |    5863 |  70.0 |      26 |      12 |  31.6
       D:10 |    2204 |    3085 |  58.3 |      10 |      14 |  58.3
     Lair:1 |    1622 |    1388 |  46.1 |       6 |       2 |  25.0
     Lair:2 |    1101 |       0 |   0.0 |       9 |       0 |   0.0
     Lair:3 |    7404 |    1201 |  14.0 |      31 |       4 |  11.4
     Lair:4 |    7695 |    2543 |  24.8 |      32 |       5 |  13.5
     Lair:5 |    6485 |    1810 |  21.8 |      28 |       5 |  15.2
     Lair:6 |    9526 |   10417 |  52.2 |      28 |      27 |  49.1
   Shoals:1 |   14655 |    7645 |  34.3 |      29 |      10 |  25.6
   Shoals:2 |    9172 |       0 |   0.0 |      18 |       0 |   0.0
   Spider:1 |   22231 |    4624 |  17.2 |      66 |       6 |   8.3
   Spider:2 |   13716 |    2762 |  16.8 |      37 |       7 |  15.9
   Spider:3 |    1144 |       0 |   0.0 |       3 |       0 |   0.0
      Orc:1 |    2937 |    5548 |  65.4 |      30 |      10 |  25.0
      Orc:2 |    1895 |   19797 |  91.3 |      24 |      54 |  69.2
   Gauntlet |       0 |    3796 | 100.0 |       0 |      10 | 100.0
            +---------+---------+-------+---------+---------+-------
